 Dungeon Crawl Stone Soup version 0.31-a0-175-g9f7f995f2b (webtiles) character file.

Game seed: 9212184339040104669

11765 Elmgren the Marksspriggan (level 11, -5/49 HPs)
             Began as a Spriggan Hunter on June 16, 2023.
             Was an Initiate of Ru.
             Killed by divine providence
             ... invoked by an orc priest
              (7 damage)
             ... while petrified by a basilisk
             ... on level 11 of the Dungeon on June 17, 2023.
             The game lasted 00:44:29 (13036 turns).

Elmgren the Marksspriggan (Spriggan Hunter)        Turns: 13036, Time: 00:44:30

Health: -5/49      AC:  9    Str:  7    XL:     11   Next: 53%
Magic:  10/10      EV:  4    Int: 13    God:    Ru [......]
Gold:   582        SH:  0    Dex: 23    Spells: 10/10 levels left

rFire   . . .        x - +8 sling
rCold   . . .        (no shield)
rNeg    + + +        o - +0 acid dragon scales
rPois   ∞            c - +1 hat
rElec   .            t - +1 cloak "Baniul" {rPois Will- rCorr Int+2}
rCorr   +            (gloves unavailable)
SInv    +            (boots unavailable)
Will    .....        h - amulet of regeneration
Stlth   ++           k - +5 ring of evasion
HPRegen 1.08/turn    E - +5 ring of evasion
MPRegen 0.12/turn

%: no passive effects
@: petrified, marked, very quick
A: very small, no large weapons, unfitting armour, see invisible, speed 3, low
MP 1
a: Renounce Religion, Sacrifice Experience, Sacrifice Drink, Sacrifice Health,
Reject Sacrifices


You were on level 11 of the Dungeon.
You worshipped Ru.
Ru was noncommittal.
You visited 2 branches of the dungeon, and saw 12 of its levels.

You collected 582 gold pieces.

Inventory:

Hand Weapons
 a - a +1 shortbow
 x - a +8 sling (weapon)
Missiles
 L - a throwing net
Armour
 c - a +1 hat (worn)
 o - +0 acid dragon scales (worn)
 t - the +1 cloak "Baniul" (worn) {rPois Will- rCorr Int+2}
   (You found it on level 5 of the Dungeon)

   Int:       It affects your intelligence (+2).
   rPois:     It protects you from poison.
   rCorr:     It protects you from acid and corrosion.
   Will:      It decreases your willpower.
 M - a +2 cloak
Jewellery
 e - a ring of flight
 h - an amulet of regeneration (around neck)
 k - a +5 ring of evasion (left hand)
 z - a ring of ice
 D - an amulet of reflection
 E - a +5 ring of evasion (right hand)
 G - a +6 ring of strength
 I - a ring of resist corrosion
Wands
 j - a wand of flame (2)
 A - a wand of digging (10)
 C - a wand of polymorph (3)
 H - a wand of quicksilver (7)
 K - a wand of roots (3)
Scrolls
 b - a scroll of butterflies
 d - 2 scrolls of amnesia
 m - a scroll of vulnerability
 p - a scroll of fear
 r - a scroll of blinking
Potions
 g - 2 potions of heal wounds
 i - 14 potions of curing
 l - 2 potions of might
 n - a potion of degeneration
 q - 2 potions of mutation
 s - a potion of cancellation
 u - a potion of enlightenment
 v - 5 potions of haste
 w - 4 potions of lignification
 B - a potion of attraction {unknown}
 F - a potion of magic {unknown}
 J - a potion of berserk rage {unknown}
Miscellaneous
 y - a piece from Xom's chessboard (15/15)


   Skills:
 - Level 1.5 Fighting
 + Level 16.8 Ranged Weapons
 * Level 10.7 Dodging
 - Level 1.5 Stealth


You had 10 spell levels left.
You didn't know any spells.
Your spell library contained the following spells:

 Spells                   Type           Power      Damage    Failure   Level
 Apportation              Tloc           0%         N/A       52%         1
 Beastly Appendage        Tmut           0%         N/A       52%         1
 Necrotise                Necr           0%         1d4       52%         1
 Slow                     Hex            0%         N/A       52%         1
 Summon Small Mammal      Summ           0%         N/A       52%         1
 Blink                    Tloc           0%         N/A       65%         2
 Ensorcelled Hibernation  Hex/Ice        0%         N/A       65%         2
 Lesser Beckoning         Tloc           0%         N/A       65%         2
 Momentum Strike          Conj/Tloc      0%         3d8       65%         2
 Static Discharge         Conj/Air       0%         2-2/arc   65%         2
 Wereblood                Tmut           0%         N/A       65%         2
 Confusing Touch          Hex            0%         N/A       87%         3
 Dazzling Flash           Conj/Hex       0%         N/A       87%         3
 Gell's Gravitas          Tloc           0%         N/A       87%         3
 Spider Form              Tmut/Pois      0%         N/A       87%         3
 Teleport Other           Tloc           0%         N/A       87%         3
 Vampiric Draining        Necr           0%         2d6       87%         3
 Volatile Blastmotes      Fire/Tloc      0%         2d10      87%         3
 Airstrike                Air            0%         2d(0-16)  99%         4
 Anguish                  Hex/Necr       0%         N/A       99%         4
 Animate Armour           Summ/Erth      0%         N/A       99%         4
 Iskenderun's Mystic Bla  Conj/Tloc      0%         2d3       99%         4
 Summon Lightning Spire   Summ/Air       0%         N/A       99%         4
 Agony                    Necr           0%         N/A       100%        5
 Blade Hands              Tmut           0%         N/A       100%        5
 Dispersal                Tloc           0%         N/A       100%        6
 Starburst                Conj/Fire      0%         6d3       100%        6


Dungeon Overview and Level Annotations

Branches:
Dungeon (11/15)            Temple (1/1) D:4             Orc (0/2) D:11
   Lair: D:8-11

Altars:
Ashenzari
Cheibriados
Dithmenos
Elyvilon
Fedhas
Gozag
Hepliaklqana
Kikubaaqudgha
Makhleb
Nemelex Xobeh
Okawaru
Qazlal
Ru
Sif Muna
Trog
Uskayaw
Vehumet
Wu Jian
Xom
Yredelemnul
Zin
The Shining One

Shops:
D:3 (

Annotations:
D:7 2 transporters, grizmgrazm2's ghost, novice DEVM
D:11 Snorg


Innate Abilities, Weirdness & Mutations

You are very small and have problems with some larger weapons.
You are too small for most types of armour.
You have supernaturally acute eyesight. (SInv)
You cover ground extremely quickly. (Speed+++)
Your magical capacity is low. (-10% MP)


Message History

The water moccasin completely misses you.
A water moccasin comes into view.
The basilisk enters a dispersal trap!
The yak blinks!
The black bear blinks!
The yak blinks! x2; The water moccasin blinks!
The black bear moves out of view.
The water moccasin moves out of view.
Blink to where?
Press: ? - help, Dir - move target You can't see that place. [the floor.]
Okay, then.
As you read the scroll of teleportation, it crumbles to dust.
You feel strangely unstable. The basilisk closely misses you.
Snorg completely misses you. x2; Snorg claws you!
The water moccasin enters a dispersal trap!
The yak blinks! x2; The black bear blinks!
Snorg rages.
The basilisk gazes at you.
You are slowing down.
The water moccasin enters a dispersal trap!
The yak blinks!
The black bear blinks!
The water moccasin blinks!
The troll blinks!
Snorg bites you! Snorg claws you!
* * * LOW HITPOINT WARNING * * *
Snorg claws you.
* * * LOW HITPOINT WARNING * * *
Your surroundings suddenly seem different.
An orc warrior, 2 orc priests and 2 orcs come into view.
An orc is wielding a +1 heavy hand axe.
Found 6 gold pieces.
Found a roughly hewn altar of Beogh.
Found a staircase to the Orcish Mines.
Your limbs are stiffening.
The orc priest shouts! x2; The orc shouts!
The orc warrior shouts!
You have turned to stone.
The orc priest looks braver for a moment.
The orc barely misses you.
The orc priest calls down the wrath of Beogh upon you.
Beogh smites you!
* * * LOW HITPOINT WARNING * * *
The orc hits you but does no damage.
The orc priest invokes the aid of Beogh against you.
Beogh smites you!
You die...

#######
#.....#
#.....#
#..o.$#
#..oo.#
#..o..#
###@###
#8.o.8#..y..##
#............#
#..>..#......#
#..........)>#
##.###.. ....#
#.# #.# #..#
#.). #.# #.$#
#####.#.###..#


You could see an orc warrior, 2 orc priests and 2 orcs.

Vanquished Creatures
  Erica (D:9)
  A two-headed ogre (D:10)
  Pikel (D:4)
  A cyclops (D:6)
  Maurice (D:10)
  Joseph (D:8)
  An unseen horror (D:10)
  A kobold demonologist (D:7)
  2 hornets
  Prince Ribbit (D:8)
  A vampire (D:9)
  2 steam dragons
  17 yaks
  4 vampire mosquitoes (D:11)
  2 acid dragons (D:9)
  A water moccasin (D:5)
  4 ice beasts (D:6)
  4 orc warriors
  2 sky beasts
  A black bear (D:6)
  2 ogres
  4 centaurs
  2 lemures
  2 phantoms (D:6)
  2 kobold brigands
  3 bullfrogs
  Blork the orc (D:5)
  3 gnoll sergeants
  4 scorpions
  11 wights
  A howler monkey (D:6)
  A lava snake (D:9)
  3 hounds
  A jelly (D:7)
  A gnoll bouda (D:6)
  6 orc priests
  2 sleepcaps
  10 orc wizards
  7 iguanas
  A mummy (D:8)
  8 adders
  13 gnolls
  A shadow imp (D:6)
  4 white imps
  2 ufetubi (D:6)
  A worm (D:2)
  3 dart slugs
  43 orcs
  6 bats
  10 endoplasms
  A giant cockroach (D:2)
  10 goblins
  5 hobgoblins
  2 jackals (D:2)
  5 quokkas
  5 ball pythons
  3 frilled lizards
  15 kobolds
  9 rats
262 creatures vanquished.

Notes
Turn   | Place    | Note
-------+----------+-------------------------------------------
     0 | D:1      | Elmgren the Spriggan Hunter began the quest for the Orb.
     0 | D:1      | Reached XP level 1. HP: 10/10 MP: 2/2
   157 | D:1      | Reached XP level 2. HP: 14/14 MP: 3/3
   443 | D:1      | Reached skill level 5 in Ranged Weapons
   449 | D:1      | Reached XP level 3. HP: 18/18 MP: 4/4
  1028 | D:2      | Found a faded altar of an unknown god.
  1087 | D:2      | Identified the +5 long sword "Ofurghunt" {flame, rF+ rC-
                  | Str+2 Dex+2}
  1526 | D:2      | Reached XP level 4. HP: 22/22 MP: 5/5
  2101 | D:3      | Found Atenayr's Antique Weapon Shop.
  2172 | D:3      | Reached skill level 6 in Ranged Weapons
  2694 | D:3      | Found a sparkling altar of Nemelex Xobeh.
  3190 | D:4      | Found a glowing golden altar of the Shining One.
  3218 | D:4      | Noticed a scorpion
  3271 | D:4      | Killed a scorpion
  3272 | D:4      | Reached XP level 5. HP: 25/25 MP: 6/6
  3342 | D:4      | Found a staircase to the Ecumenical Temple.
  3351 | Temple   | Entered the Ecumenical Temple
  3508 | Temple   | Became a worshipper of Ru the Awakened
  3671 | D:4      | Reached skill level 7 in Ranged Weapons
  3694 | D:4      | Reached XP level 6. HP: 30/30 MP: 7/7
  4093 | D:5      | Entered Level 5 of the Dungeon
  4162 | D:5      | Noticed Pikel
  4334 | D:4      | Killed Pikel
  4335 | D:4      | Reached skill level 9 in Ranged Weapons
  4335 | D:4      | Reached XP level 7. HP: 33/33 MP: 8/8
  4629 | D:5      | Reached skill level 10 in Ranged Weapons
  4664 | D:5      | Identified the +1 cloak "Baniul" {rPois Will- rCorr Int+2}
  4679 | D:5      | Reached XP level 8. HP: 37/37 MP: 9/9
  4682 | D:5      | Noticed Blork the orc
  4699 | D:5      | Killed Blork the orc
  5386 | D:6      | Gained mutation: Your magical capacity is low. (-10% MP)
                  | [Ru sacrifice]
  5443 | D:6      | Reached skill level 11 in Ranged Weapons
  6347 | D:6      | Reached skill level 12 in Ranged Weapons
  6864 | D:6      | Reached XP level 9. HP: 41/41 MP: 9/9
  7023 | D:6      | Noticed a cyclops
  7125 | D:6      | Killed a cyclops
  7126 | D:6      | Reached skill level 13 in Ranged Weapons
  7471 | D:6      | Reached skill level 14 in Ranged Weapons
  7760 | D:7      | Noticed a kobold demonologist
  7771 | D:7      | Killed a kobold demonologist
  8215 | D:7      | Reached XP level 10. HP: 46/46 MP: 10/10
  8502 | D:7      | Reached skill level 15 in Ranged Weapons
  8549 | D:7      | Found a transporter.
  8563 | D:7      | Found a broken altar of Ashenzari.
  8592 | D:7      | Noticed grizmgrazm2's ghost (novice DEVM)
  8593 | D:7      | Found a transporter.
  9195 | D:8      | Noticed Joseph
  9202 | D:8      | Noticed Prince Ribbit
  9292 | D:8      | Killed Joseph
  9467 | D:8      | Killed Prince Ribbit
  9641 | D:8      | Reached skill level 16 in Ranged Weapons
  9930 | D:8      | Found a snail-covered altar of Cheibriados.
 10393 | D:9      | Reached skill level 5 in Dodging
 11135 | D:9      | Reached XP level 11. HP: 37/49 MP: 10/10
 11419 | D:9      | Noticed Erica
 11454 | D:9      | Killed Erica
 11652 | D:10     | Entered Level 10 of the Dungeon
 11687 | D:10     | Found a shimmering altar of Xom.
 11707 | D:10     | Noticed a two-headed ogre
 11735 | D:10     | Killed a two-headed ogre
 12157 | D:10     | Upgraded the game from 0.31-a0-174-g85c54bcb58 to
                  | 0.31-a0-175-g9f7f995f2b
 12199 | D:10     | Noticed Maurice
 12216 | D:10     | Killed Maurice
 12269 | D:10     | Found a radiant altar of Vehumet.
 12329 | D:10     | Reached skill level 10 in Dodging
 12996 | D:11     | Noticed a two-headed ogre
 12997 | D:11     | Noticed Snorg
 13033 | D:11     | Found a staircase to the Orcish Mines.
 13035 | D:11     | HP: 1/49 [orc priest/divine providence (7)]
 13036 | D:11     | Killed from afar by an orc priest

Illustrated notes

Levels and vault maps discovered:
D:1:      kilobyte_arrival_exit_the_forest, layout_loops_ring
D:2:      layout_loops_ring, hellmonk_ecumenical_altar_lost_god
D:3:      layout_loops_corners, nemelex_xobeh_ov_fountains_minmay, serial_shops,
          nicolae_shop_pleasant_corner_grove, serial_co_window_serial,
          co_window_paths_b, co_window_paths_a, co_window_paths_a,
          co_window_of_opportunity_a, co_window_paths_b, co_window_corner_b,
          co_window_unsneaky_path_c, co_window_of_opportunity_b,
          co_window_unsneaky_path_c, co_window_4corner_b, glass_columns_a,
          glass_columns_a, glass_columns_b, glass_columns_c,
          kennysheep_generic_room_12
D:4:      layout_basic, tso_oasis_becter, minmay_temple_entry_gardened_gates
D:5:      layout_rooms, uniq_blork_the_orc, uniq_pikel
D:6:      kennysheep_windowed_halls, layout_basic, hellmonk_bongcloud_opening,
          grunt_ministairs_1, minmay_fractal_squares_gapless_5
D:7:      layout_basic, ashenzari_conservatory_becter, gammafunk_ghost_arena
D:8:      layout_basic, slow_altar_2, uniq_prince_ribbit1, uniq_joseph
D:9:      layout_roguey, kennysheep_cross_room, uniq_erica
D:10:     layout_roguey, mainiacjoe_overflow_surrounded_room,
          lemuel_crystal_altar, uniq_maurice
D:11:     layout_loops_ring, minmay_lair_entry_grove,
          minmay_orc_entry_temple_small, ebering_ghost_reflecting_pool,
          uniq_snorg
Temple:   kb_temple_of_zot

Skill      XL: |  1  2  3  4  5  6  7  8  9 10 11 |
---------------+----------------------------------+-----
Ranged Weapons | 5 6 7 9 10 12 14 16 | 16.8
Dodging        | 7 10 | 10.7
Fighting       | |  1.5
Stealth        | |  1.5

Action                     |  1- 3 |  4- 6 |  7- 9 | 10-12 || total
---------------------------+-------+-------+-------+-------++-------
   Fire: Shortbow          |   127 |   152 |   444 |   126 ||   849
         Sling             |       |       |       |   424 ||   424
 Invoke: Sacrifice Essence |       |       |     1 |       ||     1
    Use: Scroll            |     5 |     4 |     6 |    10 ||    25
 Armour: Robe              |     2 |     4 |    17 |     6 ||    29
         Acid dragon scale |       |       |       |    12 ||    12
  Dodge: Dodged            |    22 |    34 |   109 |   220 ||   385

Table legend: (Time is in decaauts)
 A = Elapsed time spent in this place.
 B = Non-inter-level travel time spent in this place.
 C = Inter-level travel time spent in this place.
 D = Time resting spent in this place.
 E = Time spent auto-exploring this place.
 F = Levels seen in this place.
 G = Mean time per level.
                   A        B        C        D        E       F      G
               +--------+--------+--------+--------+--------+-----+--------+
         Total |   9353 |   9091 |    262 |   2573 |   3446 |  12 |  779.4 |
       Dungeon |   9254 |   9032 |    222 |   2573 |   3398 |  11 |  841.3 |
        Temple |     99 |     60 |     39 |      0 |     48 |   1 |   99.0 |
               +--------+--------+--------+--------+--------+-----+--------+

Top non-repeatable levels by time:
     D:6: 1728 daAuts
     D:9: 1259 daAuts
    D:10: 885 daAuts
     D:5: 880 daAuts
     D:3: 844 daAuts
     D:7: 810 daAuts
     D:8: 778 daAuts
     D:2: 688 daAuts
     D:4: 639 daAuts
     D:1: 590 daAuts
    D:11: 149 daAuts
  Temple: 99 daAuts
